 Dungeon Crawl Stone Soup version 0.31-a0-640-g39d97e502b (webtiles) character file.

Game seed: 16452457105898829485

84 qw the Shooter (level 4, 0/28 HPs)
             Began as a Gargoyle Hunter on Aug 27, 2023.
             Was an Initiate of Okawaru.
             Killed by nerve-wracking pain
             ... invoked by Grinder
              (6 damage)
             ... on level 3 of the Dungeon.
             The game lasted 00:00:38 (2021 turns).

qw the Shooter (Gargoyle Hunter)                    Turns: 2021, Time: 00:00:39

Health: 0/28       AC:  8    Str: 15    XL:     4   Next: 46%
Magic:  4/4        EV: 12    Int:  9    God:    Okawaru [......]
Gold:   169        SH:  0    Dex: 21    Spells: 3/3 levels left

rFire   . . .        Y - +1 shortbow
rCold   + . .        (shield currently unavailable)
rNeg    + . .        c - +0 leather armour
rPois   inf          (no helmet)
rElec   +            (no cloak)
rCorr   .            (no gloves)
SInv    .            b - +1 pair of boots {Fly}
Will    .....        (no amulet)
Stlth   ++           h - +6 ring of dexterity
HPRegen 0.24/turn    d - ring of protection from cold
MPRegen 0.09/turn

%: no passive effects
@: about to teleport, flying
A: sickness immunity, AC +3, negative energy resistance 1, electricity
resistance, torment resistance 1, petrification resistance
a: Renounce Religion


You were on level 3 of the Dungeon.
You worshipped Okawaru.
Okawaru was noncommittal.
You visited 1 branch of the dungeon, and saw 3 of its levels.

You collected 169 gold pieces.


Innate Abilities, Weirdness & Mutations

You are immune to sickness and miasma.
Your stone body is resilient. (AC +3)
You are immune to poison.
You resist negative energy. (rN+)
You are resistant to electric shocks. (rElec)
You are resistant to unholy torment.
You are immune to petrification.


   Skills:
 - Level 3.0 Fighting
 + Level 5.4 Ranged Weapons
 - Level 1.5 Dodging
 - Level 1.1 Stealth


You had 3 spell levels left.
You didn't know any spells.
Your spell library was empty.

Inventory:

Hand Weapons
 Y - a +1 shortbow (weapon)
Armour
 b - a +1 pair of boots of flying (worn)
 c - a +0 leather armour (worn)
 e - a +0 ring mail
 f - a +0 cloak
Jewellery
 d - a ring of protection from cold (right hand)
 h - a +6 ring of dexterity (left hand)
Scrolls
 g - a scroll of torment {unknown}
 j - a scroll of identify {unknown}
Potions
 i - 2 potions of curing {unknown}

Dungeon Overview and Level Annotations

Branches:
Dungeon (3/15)

Altars:
Makhleb
Okawaru

Annotations:
D:3 Grinder


Message History

Grinder hits you.
You shoot an arrow. The arrow hits Grinder!
Grinder is moderately wounded.
Grinder gestures at you. Pain shoots through your body!
You shoot an arrow.
The arrow hits Grinder but does no damage.
Grinder is moderately wounded.
Grinder closely misses you.
You shoot an arrow. The arrow barely misses Grinder.
Grinder barely misses you.
You shoot an arrow. The arrow closely misses Grinder.
Grinder hits you!
You shoot an arrow. The arrow closely misses Grinder.
Grinder hits you.
You writhe in agony.
Grinder hits you.
You writhe in agony.
2015 ||| READING 2 scrolls of teleportation.
As you read the scroll of teleportation, it crumbles to dust.
You feel strangely unstable. Grinder closely misses you.
You shoot an arrow.
The arrow hits Grinder but does no damage.
Grinder is moderately wounded.
Grinder closely misses you.
You shoot an arrow. The arrow hits Grinder.
Grinder is moderately wounded.
Grinder barely misses you.
You shoot an arrow. The arrow hits Grinder.
Grinder is moderately wounded.
Your surroundings suddenly seem different.
2019 ||| READING scroll of teleportation.
As you read the scroll of teleportation, it crumbles to dust.
You feel strangely unstable.
You shoot an arrow. The arrow hits Grinder!
Grinder is heavily wounded.
You shoot an arrow. The arrow hits Grinder.
Grinder is heavily wounded.
Grinder gestures at you. Pain shoots through your body!
You die...
Grinder says, "Now the real fun starts!"

.....##.##.##..#.##
#.......#..##.#
####..%.#....##.#
#....#...%##.##.#
#.####.#..##....##
######.###........#...###
#.............#...#.....#
##.###.##...#####...#.##..
#..# #.##@#.# #.#.......
###.## #.##.#.# ..
#####... #...# #.##.# # #.
#.[. #.###.### #.##5#.# #
##.. #.....######......#
#.. #..###<...........#
#.. #. #...##...##.......
#># # #.......####.....##
#.# ###.##### .....# #.%


You could see Grinder.

Vanquished Creatures
  3 adders
  2 dart slugs
  5 ball pythons
  5 bats
  A giant cockroach (D:2)
  2 goblins
  6 hobgoblins
  5 jackals (D:2)
  8 kobolds
  A quokka (D:3)
  5 frilled lizards
  8 rats
51 creatures vanquished.

Notes
Turn   | Place    | Note
-------+----------+-------------------------------------------
     0 | D:1      | qw the Gargoyle Hunter began the quest for the Orb.
     0 | D:1      | Reached XP level 1. HP: 12/12 MP: 1/1
     0 | D:1      | 0 ||| qw: Version: 0.3-a-74-g0d5e918
     0 | D:1      | 0 ||| qw: Game counter: 69
     0 | D:1      | 0 ||| qw: Melee chars always use a shield: true
     0 | D:1      | 0 ||| qw: God list: Okawaru
     0 | D:1      | 0 ||| qw: Allow faded altars: false
     0 | D:1      | 0 ||| qw: Do Orc after clearing Dungeon:15 true
     0 | D:1      | 0 ||| qw: Do second Lair branch before Depths: true
     0 | D:1      | 0 ||| qw: Lair rune preference: random
     0 | D:1      | 0 ||| qw: Goals: Normal
     0 | D:1      | 0 ||| PLANNING D:1-11
    87 | D:1      | Reached XP level 2. HP: 17/17 MP: 2/2
   861 | D:1      | 861 ||| UPGRADING to +6 ring of dexterity.
   862 | D:1      | 862 ||| READING scroll labelled GISIZXUWKA.
   863 | D:1      | 863 ||| READING 2 scrolls labelled RUQOAJ KAXO.
   864 | D:1      | 864 ||| READING scroll labelled RURAXI RUYZU.
   965 | D:1      | 965 ||| DRINKING 2 lumpy grey potions.
   966 | D:1      | 966 ||| DROPPING scroll of butterflies.
   967 | D:1      | 967 ||| DROPPING potion of brilliance.
   968 | D:1      | 968 ||| DROPPING scroll of fog.
  1130 | D:2      | Reached skill level 5 in Ranged Weapons
  1130 | D:2      | Reached XP level 3. HP: 21/21 MP: 3/3
  1229 | D:2      | Found a burning altar of Makhleb.
  1255 | D:2      | 1255 ||| Stepping ~*~*~tactically~*~*~ (outnumbered).
  1257 | D:2      | 1257 ||| Stepping ~*~*~tactically~*~*~ (outnumbered).
  1259 | D:2      | 1259 ||| Stepping ~*~*~tactically~*~*~ (outnumbered).
  1261 | D:2      | 1261 ||| Stepping ~*~*~tactically~*~*~ (outnumbered).
  1351 | D:2      | Reached skill level 3 in Fighting
  1498 | D:2      | Reached XP level 4. HP: 27/28 MP: 4/4
  1775 | D:2      | 1775 ||| READING 3 scrolls labelled MUURUA GUMERPH.
  1780 | D:2      | 1780 ||| READING scroll labelled MEREN PUAFU.
  1781 | D:2      | 1781 ||| READING scroll labelled TALOKK ZITIDUC.
  1781 | D:2      | Identified a scroll of acquirement
  1781 | D:2      | 1781 ||| ACQUIRING +1 pair of boots of flying
  1781 | D:2      | Acquired a +1 pair of boots of flying
  1783 | D:2      | 1783 ||| UPGRADING to +1 pair of boots of flying.
  1860 | D:3      | Found an iron altar of Okawaru.
  1861 | D:3      | 1861 ||| PLANNING OKAWARU WORSHIP
  1861 | D:3      | 1861 ||| UPGRADING to ring of protection from cold.
  1866 | D:3      | Became a worshipper of Warmaster Okawaru
  1867 | D:3      | 1867 ||| PLANNING D:1-11
  2007 | D:3      | Noticed Grinder
  2014 | D:3      | HP: 5/28 [Grinder (3)]
  2015 | D:3      | 2015 ||| READING 2 scrolls of teleportation.
  2019 | D:3      | 2019 ||| READING scroll of teleportation.
  2021 | D:3      | Killed from afar by Grinder

Levels and vault maps discovered:
D:1:      scummos_arrival_simple_crosswalls, layout_basic,
          shapermc_ecumenical_altar_petra
D:2:      layout_basic, basic_altar
D:3:      layout_rooms, nicolae_wu_jian_immortal_techniques,
          mainiacjoe_overflow_brackets, okawaru_trees_2, uniq_sigmund,
          uniq_grinder

Skill      XL: |  1  2  3 |
---------------+----------+-----
Ranged Weapons | 5 |  5.4
Fighting       | 3 |  3.0
Dodging        | |  1.5
Stealth        | |  1.1

Action                     |  1- 3 |  4- 6 || total
---------------------------+-------+-------++-------
   Fire: Shortbow          |    88 |    47 ||   135
    Use: Scroll            |     3 |     5 ||     8
         Potion            |     1 |       ||     1
 Armour: Leather armour    |    18 |     7 ||    25
  Dodge: Dodged            |    45 |    14 ||    59

Table legend:
 A = Non-vault XP
 B = Vault XP
 C = Vault XP percentage of total XP
 D = Non-vault monster count
 E = Vault monster count
 F = Vault count percentage of total count
                 A         B        C        D         E       F
            +---------+---------+-------+---------+---------+-------
      Total |     121 |       0 |   0.0 |      51 |       0 |   0.0
            +---------+---------+-------+---------+---------+-------
        D:1 |      27 |       0 |   0.0 |      17 |       0 |   0.0
        D:2 |      64 |       0 |   0.0 |      24 |       0 |   0.0
        D:3 |      30 |       0 |   0.0 |      10 |       0 |   0.0
            +---------+---------+-------+---------+---------+-------
